 Dungeon Crawl Stone Soup version 0.17.1-1-g73c8601 (webtiles) character file.

1424 Runnr the Covered (level 9, -4/69 HPs)
             Began as a Human Fighter on Dec 27, 2015.
             Slain by an orc warrior
             ... wielding a +0 war axe
              (13 damage)
             ... on level 7 of the Dungeon.
             The game lasted 00:11:19 (6296 turns).

Runnr the Covered (Human Fighter)                   Turns: 6296, Time: 00:11:19

Health: -4/69      AC:  9    Str: 23    XL:     9   Next: 2%
Magic:  9/9        EV:  8    Int: 17    God:
Gold:   333        SH: 11    Dex: 14    Spells: 0 memorised, 8 levels left

rFire  + . .     SeeInvis +     D - +6 dagger "Demonslayer" {pierce, Int+3}
rCold  + . .     Clarity  .     b - +0 scale mail
rNeg   . . .     SustAt   .     c - +0 shield
rPois  +         Gourm    .     w - -2 helmet (curse)
rElec  +         Spirit   .     G - +0 cloak
rCorr  +         Warding  .     (no gloves)
rMut   .         Stasis   .     B - +0 pair of boots
MR     .....                    (no amulet)
Stlth  ..........               (no ring)
                                u - ring of see invisible

@: mighty, brilliant, resistant, not resistant to hostile enchantments,
extremely unstealthy
A: no striking features
a: no special abilities


You were on level 7 of the Dungeon.
You were very hungry.

You visited 1 branch of the dungeon, and saw 7 of its levels.

You collected 333 gold pieces.

Inventory:

Hand Weapons
 a - a +0 war axe
 D - the +6 dagger "Demonslayer" (weapon) {pierce, Int+3}
   (You found it on level 4 of the Dungeon)

   It inflicts extra damage upon your enemies.
   It affects your intelligence (+3).
Armour
 b - a +0 scale mail (worn)
 c - a +0 shield (worn)
 w - a cursed -2 helmet (worn)
 B - a +0 pair of boots (worn)
 G - a +0 cloak (worn)
Jewellery
 u - a ring of see invisible (left hand)
 M - an uncursed amulet of clarity {unknown}
Scrolls
 h - 3 scrolls of enchant weapon {unknown}
 i - 6 scrolls of remove curse {unknown}
 j - 2 scrolls of blinking {unknown}
 k - 6 scrolls of identify {unknown}
 l - 5 scrolls of enchant armour {unknown}
 q - a scroll of magic mapping {unknown}
 s - 6 scrolls of teleportation {unknown}
 v - a scroll of random uselessness {unknown}
 y - a scroll of immolation {unknown}
 z - 3 scrolls of silence {unknown}
 A - 2 scrolls of recharging {unknown}
 C - 3 scrolls of fear {unknown}
 H - a scroll of noise {unknown}
Potions
 f - 4 potions of brilliance
 g - 2 potions of heal wounds {unknown}
 m - 2 potions of flight {unknown}
 p - 3 potions of ambrosia {unknown}
 r - 2 potions of haste {unknown}
 x - 2 potions of lignification {unknown}
 E - a potion of berserk rage {unknown}
 F - a potion of curing {unknown}
 J - a potion of degeneration {unknown}
 L - a potion of mutation {unknown}
Comestibles
 e - 5 bread rations
 n - 2 meat rations
 o - 3 beef jerkies
 t - 4 fruits
 K - a slice of pizza


   Skills:
 + Level 5.9 Fighting
 + Level 5.6 Axes
 + Level 6.2 Armour
 + Level 5.9 Shields


You had 8 spell levels left.
You didn't know any spells.

Dungeon Overview and Level Annotations

Branches:
Dungeon (7/15)
 Temple: D:4-7

Altars:
Zin


Message History

The orc warrior is heavily wounded.
The orc priest calls upon Beogh to heal the orc warrior.
The orc warrior is healed somewhat.
The orc warrior hits you with a war axe!
* * * LOW HITPOINT WARNING * * *
Read which item? (? for menu, Esc to quit)
Okay, then.
Drink which item? (? for menu, Esc to quit)
It was a potion of brilliance.
You feel clever all of a sudden.
Drink which item? (? for menu, Esc to quit)
You feel very mighty all of a sudden. The orc warrior barely misses you.
The orc priest hits you with a club.
* * * LOW HITPOINT WARNING * * *
An orc comes into view.
Drink which item? (? for menu, Esc to quit)
You feel protected.
The orc shouts!
You hear a shout!
You hear a shout!
The orc warrior hits you with a war axe!
You die...

≈≈≈≈≈≈≈ ≈≈≈≈≈≈≈≈≈≈
≈.≈≈≈≈≈.. ........≈
.........
........####
.......#@.# .#
#.o)oo.# ..#
#..)####...#
+......Po.g.
.####......o.o..
.....P...#####..
.........#...####
.........'..(#.>#
.........'..)'..###


You could see an orc warrior, an orc priest and an orc.

Vanquished Creatures
  A sky beast (D:6)
  An orc warrior (D:6)
  An ogre (D:5)
  A centaur (D:6)
  2 big kobolds (D:7)
  2 giant frogs (D:6)
  2 scorpions
  A water moccasin skeleton (D:5)
  3 crimson imps
  Crazy Yiuf (D:5)
  4 orc wizards
  An iguana (D:5)
  A gnoll shaman (D:7)
  Natasha (thrice) (D:3)
  2 worker ants
  A hound zombie (D:5)
  2 worker ant zombies (D:5)
  Robin (D:3)
  8 adders
  6 gnolls
  A shadow imp (D:6)
  An adder skeleton (D:3)
  A worm (D:5)
  4 giant geckos
  23 orcs
  6 giant cockroaches
  8 hobgoblins
  10 jackals
  4 kobolds
  A ball python (D:3)
  A ball python skeleton (D:4)
  3 bats
  A giant gecko skeleton (D:6)
  3 giant newts
  15 goblins
  A jackal skeleton (D:4)
  4 quokkas
  2 quokka skeletons
  8 rats
141 creatures vanquished.

Notes
Turn   | Place    | Note
--------------------------------------------------------------
     0 | D:1      | Runnr the Human Fighter began the quest for the Orb.
     0 | D:1      | Reached XP level 1. HP: 18/18 MP: 1/1
   423 | D:1      | Reached XP level 2. HP: 24/24 MP: 2/2
   649 | D:1      | Reached XP level 3. HP: 22/29 MP: 3/3
  1125 | D:2      | Reached XP level 4. HP: 30/35 MP: 4/4
  1790 | D:3      | Reached skill level 4 in Armour
  1790 | D:3      | Reached XP level 5. HP: 38/41 MP: 5/5
  1881 | D:3      | Noticed Natasha
  1903 | D:3      | Killed Natasha
  2140 | D:3      | Noticed Natasha
  2153 | D:3      | Killed Natasha
  2171 | D:3      | Noticed Natasha
  2174 | D:3      | Killed Natasha
  2512 | D:4      | Noticed Robin
  2641 | D:4      | Found a glowing silver altar of Zin.
  2987 | D:3      | Reached XP level 6. HP: 35/48 MP: 6/6
  3244 | D:3      | Killed Robin
  3605 | D:4      | Got a bloodstained dagger
  3608 | D:4      | Identified the +6 dagger "Demonslayer" {pierce, Int+3} (You found it on level 4 of the Dungeon)
  3870 | D:5      | Entered Level 5 of the Dungeon
  3988 | D:5      | Reached XP level 7. HP: 46/55 MP: 7/7
  4182 | D:5      | Noticed Crazy Yiuf
  4189 | D:5      | Killed Crazy Yiuf
  4310 | D:5      | Reached skill level 5 in Armour
  5257 | D:6      | Reached skill level 5 in Fighting
  5257 | D:6      | Reached skill level 5 in Shields
  5257 | D:6      | Reached XP level 8. HP: 44/62 MP: 8/8
  5496 | D:6      | Reached skill level 5 in Axes
  6209 | D:7      | Reached skill level 6 in Armour
  6269 | D:7      | Reached XP level 9. HP: 63/69 MP: 9/9
  6296 | D:7      | Slain by an orc warrior

Action                   |  1- 3 |  4- 6 |  7- 9 || total
-------------------------+-------+-------+-------++-------
Melee: War axe           |   101 |   160 |       ||   261
       Dagger            |       |    41 |   259 ||   300
  Use: Potion            |       |       |     3 ||     3
  Eat: Chunk             |       |    10 |     6 ||    16
       Pizza             |       |       |     1 ||     1
